 Dungeon Crawl Stone Soup version 0.28-a0-1412-gf95308ed99 (webtiles) character file.

Game seed: 14682201351381489320

92 HallandMoats the Skirmisher (level 4, 0/40 HPs)
             Began as a Ghoul Fighter on Jan 6, 2022.
             Slain by an orc (20 damage)
             ... on level 3 of the Dungeon.
             The game lasted 00:02:15 (2242 turns).

HallandMoats the Skirmisher (Ghoul Fighter)         Turns: 2242, Time: 00:02:15

Health: 0/40       AC:  6    Str: 19    XL:     4   Next: 60%
Magic:  3/3        EV:  9    Int: 11    God:
Gold:   128        SH:  4    Dex:  8    Spells: 3/3 levels left

rFire   . . .      SeeInvis .   a - +0 war axe
rCold   + . .      Faith    .   c - +0 buckler
rNeg    + + +      Spirit   .   b - +0 scale mail
rPois   ∞          Reflect  .   (no helmet)
rElec   .          Harm     .   (no cloak)
rCorr   .          Rampage  .   (no gloves)
Will    .....                   (no boots)
Stlth   ..........              (no amulet)
HPRegen 0.00/turn               f - +6 ring of intelligence
MPRegen 0.08/turn               (no ring)

@: inhibited regen
A: claws 1, cold resistance 1, negative energy resistance 3, inhibited
regeneration, torment resistance 2
a: no special abilities


You were on level 3 of the Dungeon.
You visited 1 branch of the dungeon, and saw 3 of its levels.

You collected 128 gold pieces.

Inventory:

Hand Weapons
 a - a +0 war axe (weapon)
Armour
 b - a +0 scale mail (worn)
 c - a +0 buckler (worn)
Jewellery
 f - a +6 ring of intelligence (left claw)
 h - a ring of fire
 q - the ring of Bucvesan {Str+3 Int+6}
   (You found it on level 3 of the Dungeon)

   [ring of intelligence]

   Str:       It affects your strength (+3).
   Int:       It affects your intelligence (+6).
Scrolls
 e - 3 scrolls of noise {unknown}
 i - a scroll of vulnerability {unknown}
 j - a scroll of holy word {unknown}
 k - 4 scrolls of identify {unknown}
 l - a scroll of teleportation {unknown}
 m - a scroll of enchant weapon {unknown}
 n - a scroll of brand weapon {unknown}
 p - a scroll of fog {unknown}
Potions
 d - a potion of might
 g - 2 potions of curing {unknown}
 o - a potion of haste {unknown}


   Skills:
 + Level 3.7 Fighting
 * Level 2.7 Axes
 + Level 3.0 Armour
 + Level 1.1 Dodging
 * Level 3.4 Shields


You had 3 spell levels left.
You didn't know any spells.
Your spell library contained the following spells:

 Spells                   Type           Power      Damage    Failure   Level
 Corpse Rot               Necr/Air       0%         N/A       91%         2
 Dispel Undead            Necr           0%         3d6       100%        4
 Death Channel            Necr           0%         N/A       100%        6


Dungeon Overview and Level Annotations

Branches:
Dungeon (3/15)

Altars:

Annotations:
D:3 1 runed translucent door, bande's ghost, weakling GrFi


Innate Abilities, Weirdness & Mutations

You thrive by killing the living.
You are immune to poison.
You have sharp fingernails.
Your flesh is cold resistant. (rC+)
You are immune to negative energy. (rN+++)
You do not regenerate when monsters are visible.
You are immune to unholy pain and torment.


Message History

A hobgoblin is nearby!
Unknown command.
The hobgoblin hits you but does no damage.
A hobgoblin is nearby!
Unknown command.
You closely miss the hobgoblin.
The hobgoblin hits you but does no damage.
A hobgoblin is nearby!
Unknown command.
You closely miss the hobgoblin.
The hobgoblin hits you but does no damage.
The hobgoblin barely misses you.
A hobgoblin is nearby!
Unknown command.
You closely miss the hobgoblin. The hobgoblin hits you.
A hobgoblin is nearby!
Unknown command.
You hit the hobgoblin.
The hobgoblin is severely wounded.
The hobgoblin misses you. The hobgoblin closely misses you.
A hobgoblin is nearby!
You slash the hobgoblin!
You kill the hobgoblin!
You feel better.
Unknown command.
q - the ring of Bucvesan {Str+3 Int+6} No target in view!
Unknown command.
An orc comes into view.
It is wielding a +2 whip of electrocution.
The orc shouts!
Unknown command.
An orc is nearby!
Unknown command.
The orc hits you with a +2 whip of electrocution.
You are electrocuted!
You closely miss the orc.
The orc hits you with a +2 whip of electrocution.
You are electrocuted!!
Ouch! That really hurt!
You die...

#..............#..#.###.
#..............#..#.....
#..............#.#####.#
#......##....#.#.... #..
#............#.#.###.###
#......##.####.#..<#....
#.......................
#........#####.#######
#...o@...#...#.......#
#........#....####.###
#........###..# ...
................# ###
.........#.###.### .#
...........##....####.##
.........####...........
##.####### #...........
####..........


You could see an orc.

Vanquished Creatures
  3 adders
  A worm (D:3)
  3 orcs (D:3)
  4 bats
  5 endoplasms
  4 giant cockroaches
  6 goblins
  2 hobgoblins
  7 jackals
  4 kobolds
  2 quokkas
  4 ball pythons
  A frilled lizard (D:2)
  7 rats
53 creatures vanquished.

Notes
Turn   | Place    | Note
-------+----------+-------------------------------------------
     0 | D:1      | HallandMoats the Ghoul Fighter began the quest for the Orb.
     0 | D:1      | Reached XP level 1. HP: 19/19 MP: 0/0
    98 | D:1      | Reached XP level 2. HP: 17/26 MP: 1/1
   866 | D:2      | Reached XP level 3. HP: 29/31 MP: 2/2
  1109 | D:2      | Reached XP level 4. HP: 34/38 MP: 3/3
  1305 | D:2      | Found a faded altar of an unknown god.
  1432 | D:2      | Reached skill level 1 in Dodging
  1756 | D:3      | Found a runed translucent door.
  1757 | D:3      | Noticed bande's ghost (weakling GrFi)
  2228 | D:3      | Identified the ring of Bucvesan {Str+3 Int+6}
  2242 | D:3      | Slain by an orc

Illustrated notes

Levels and vault maps discovered:
D:1:      mainiacjoe_arrival_reflecting_pool, layout_rooms
D:2:      layout_loops_ring, shapermc_ecumenical_altar_starsandcircs
D:3:      layout_basic, ebering_ghost_sewer_f, minmay_door_square

Skill      XL: |  1  2  3  4 |
---------------+-------------+-----
Axes           | 2 |  2.7
Shields        | 3 |  3.4
Dodging        | 1 |  1.1
Armour         | 3 |  3.0
Fighting       | |  3.7

Action                   |  1- 3 |  4- 6 || total
-------------------------+-------+-------++-------
Melee: War axe           |   112 |    71 ||   183
Armor: Scale mail        |    62 |    26 ||    88
Dodge: Dodged            |    91 |    33 ||   124
Block: Buckler           |    31 |     7 ||    38

Table legend: (Time is in decaauts)
 A = Elapsed time spent in this place.
 B = Non-inter-level travel time spent in this place.
 C = Inter-level travel time spent in this place.
 D = Time resting spent in this place.
 E = Time spent auto-exploring this place.
 F = Levels seen in this place.
 G = Mean time per level.
                   A        B        C        D        E       F      G
               +--------+--------+--------+--------+--------+-----+--------+
         Total |   2319 |   2291 |     28 |      0 |   1867 |   3 |  773.0 |
       Dungeon |   2319 |   2291 |     28 |      0 |   1867 |   3 |  773.0 |
               +--------+--------+--------+--------+--------+-----+--------+

Top non-repeatable levels by time:
     D:1: 868 daAuts
     D:2: 730 daAuts
     D:3: 719 daAuts
